 Dungeon Crawl Stone Soup version 0.23.2-40-g277498a001 (webtiles) character file.

Game seed: 10769579543035897500

2030 tinetidsskrift the Grappler (level 9, 83/83 (84) HPs)
             Began as a Troll Berserker on Aug 9, 2019.
             Was an Elder of Trog.
             Starved to death
             ... on level 7 of the Dungeon on Aug 25, 2019.
             The game lasted 00:35:48 (7423 turns).

tinetidsskrift the Grappler (Troll Berserker)       Turns: 7423, Time: 00:35:49

HP:   83/83 (84)    AC:  7    Str: 30    XL:     9   Next: 3%
MP:   8/8           EV: 11    Int:  3    God:    Trog [****..]
Gold: 470           SH:  0    Dex:  9    Spells: 8/8 levels left

rFire    . . .     SeeInvis .     - Unarmed
rCold    . . .     Gourm    +   (no shield)
rNeg     . . .     Faith    .   w - +1 robe
rPois    .         Spirit   +   (helmet restricted)
rElec    .         Reflect  .   d - scarf {Spirit}
rCorr    .         Harm     .   (gloves unavailable)
MR       .....                  (boots unavailable)
Stlth    +.........             (no amulet)
HPRegen  0.63/turn              o - ring of flight
MPRegen  0.11/turn              (no ring)

@: fainting
A: large, unfitting armour, claws 3, fast metabolism 3, gourmand, regeneration
1, shaggy fur 1, tough skin 3
a: Berserk, Trog's Hand, Brothers in Arms, Renounce Religion, Evoke Flight


You were on level 7 of the Dungeon.
You worshipped Trog.
Trog was greatly pleased with you.
You were fainting.

You visited 1 branch of the dungeon, and saw 7 of its levels.

You collected 470 gold pieces.

Inventory:

Missiles
 f - 7 large rocks
 j - 241 stones (quivered)
 s - 101 arrows
Armour
 d - a scarf of spirit shield (worn)
 w - a +1 robe (worn)
Jewellery
 o - a ring of flight (left claw)
Wands
 y - a wand of polymorph (11)
Scrolls
 a - a scroll of enchant armour
 b - a scroll of immolation
 c - a scroll of teleportation {unknown}
 i - 2 scrolls of remove curse
 l - a scroll of blinking {unknown}
 m - a scroll of magic mapping {unknown}
 n - 3 scrolls of amnesia
 p - a scroll of random uselessness {unknown}
 q - a scroll of noise {unknown}
 r - a scroll of fog {unknown}
Potions
 e - a potion of degeneration {unknown}
 g - a potion of haste {unknown}
 h - a potion of heal wounds {unknown}
 k - 2 potions of flight {unknown}
 t - a potion of mutation {unknown}
 u - 2 potions of lignification
 v - 4 potions of curing
 x - 2 potions of magic
 z - a potion of invisibility {unknown}
 A - a potion of brilliance {unknown}


   Skills:
 + Level 3.8 Fighting
 + Level 5.3 Dodging
 + Level 1.3 Stealth
 + Level 9.8 Unarmed Combat


You had 8 spell levels left.
You didn't know any spells.
Your spell library was empty.

Dungeon Overview and Level Annotations

Branches:
Dungeon (7/15)             Temple (0/1) D:4

Altars:
Cheibriados
Elyvilon
Gozag
Nemelex Xobeh
Okawaru
Qazlal
Ru
Vehumet


Innate Abilities, Weirdness & Mutations

You are too large for most types of armour.
You have claws for hands.
Your metabolism is lightning-fast.
You like to eat raw meat.
Your natural rate of healing is unusually fast.
You are covered in fur. (AC +1)
You have extremely tough skin. (AC +3)


Message History

You miss the hungry ghost.
The hungry ghost is heavily damaged.
The hungry ghost hits you.
You are fainting from starvation!
You scratch the hungry ghost but do no damage.
The hungry ghost is heavily damaged.
You mangle the hungry ghost!!
You destroy the hungry ghost!
Trog accepts your kill.
You have reached level 9!
Your experience leads to an increase in your attributes!
Increase (S)trength, (I)ntelligence, or (D)exterity?
You feel stronger. x2
Found a ring mail.
You see here a ring mail.
Found 21 gold pieces.
You now have 470 gold pieces (gained 21).
Found a chain mail.
You have starved to death.
You die...

#+# #. #.# #. #.#
# #< ##.## #.#.
##...### #.#.
#....... ...
##...##
#[##########...#.#
#.@..........#..#
##############.##
#.# #.# #.# #[#
#.# ##########.#
#........#.#


There were no monsters in sight!

Vanquished Creatures
  A hungry ghost (D:7)
  Menkaure (D:6)
  Edmund (D:6)
  3 sky beasts (D:6)
  A necrophage (D:6)
  A phantom (D:4)
  2 ogres
  A centaur (D:6)
  A scorpion (D:4)
  7 wights
  2 jellies
  A quasit (D:5)
  A hound (D:5)
  Ijyb (D:3)
  An iguana (D:3)
  2 orc wizards
  A worker ant (D:4)
  A killer bee zombie (D:5)
  2 hound zombies (D:6)
  A hound skeleton (D:6)
  2 worker ant zombies
  8 gnolls
  9 adders
  A shadow imp (D:6)
  An ooze (D:2)
  2 worms
  3 dart slugs
  3 leopard geckos
  8 orcs
  5 giant cockroaches
  4 hobgoblins
  6 jackals
  3 quokkas
  2 ball pythons
  11 bats
  8 frilled lizards
  20 goblins
  10 kobolds
  A leopard gecko skeleton (D:5)
  A quokka zombie (D:5)
  4 rats
144 creatures vanquished.

Notes
Turn   | Place    | Note
-------+----------+-------------------------------------------
     0 | D:1      | tinetidsskrift the Troll Berserker began the quest for the
                  | Orb.
     0 | D:1      | Reached XP level 1. HP: 22/22 MP: 0/0
   517 | D:1      | Reached XP level 2. HP: 29/29 MP: 1/1
   608 | D:1      | Paralysed by fainting for 11 turns
   638 | D:1      | Paralysed by fainting for 8 turns
   983 | D:2      | Reached XP level 3. HP: 34/36 MP: 2/2
  1180 | D:2      | Found a sacrificial altar of Ru.
  1334 | D:2      | Reached ** piety under Trog
  1341 | D:2      | Reached XP level 4. HP: 38/44 MP: 3/3
  1377 | D:2      | Found a white marble altar of Elyvilon.
  2431 | D:3      | Reached skill level 4 in Unarmed Combat
  2458 | D:3      | Reached XP level 5. HP: 45/52 MP: 4/4
  2632 | D:3      | Found a radiant altar of Vehumet.
  2742 | D:3      | Reached *** piety under Trog
  3208 | D:3      | Found a stormy altar of Qazlal.
  3220 | D:3      | Found a sparkling altar of Nemelex Xobeh.
  3357 | D:3      | Noticed Ijyb
  3368 | D:3      | Killed Ijyb
  3368 | D:3      | Reached skill level 5 in Unarmed Combat
  3498 | D:3      | Reached XP level 6. HP: 57/59 MP: 5/5
  4002 | D:4      | Found an opulent altar of Gozag.
  4386 | D:4      | Reached skill level 6 in Unarmed Combat
  4496 | D:4      | Found a staircase to the Ecumenical Temple.
  4616 | D:5      | Entered Level 5 of the Dungeon
  4641 | D:4      | Reached XP level 7. HP: 26/67 MP: 1/6
  4744 | D:5      | Found an iron altar of Okawaru.
  4898 | D:5      | Found a snail-covered altar of Cheibriados.
  4981 | D:5      | Reached **** piety under Trog
  4995 | D:5      | Reached skill level 7 in Unarmed Combat
  5393 | D:6      | Reached skill level 8 in Unarmed Combat
  5393 | D:6      | Reached XP level 8. HP: 35/75 MP: 3/7
  5543 | D:6      | Upgraded the game from 0.23.2-33-g5129a83184 to
                  | 0.23.2-40-g277498a001
  5865 | D:6      | Reached skill level 1 in Stealth
  5899 | D:6      | Noticed Menkaure
  5907 | D:6      | Killed Menkaure
  6017 | D:6      | Noticed Edmund
  6025 | D:6      | Killed Edmund
  6025 | D:6      | Reached skill level 5 in Dodging
  6025 | D:6      | Reached skill level 9 in Unarmed Combat
  7387 | D:7      | Reached XP level 9. HP: 79/83 MP: 8/8
  7423 | D:7      | Starved to death

Skill      XL: |  1  2  3  4  5  6  7  8 |
---------------+-------------------------+-----
Dodging        | 3 4 5 |  5.3
Unarmed Combat | 4 5 6 8 9 |  9.8
Fighting       | 3 |  3.8
Stealth        | 1 |  1.3

Action                   |  1- 3 |  4- 6 |  7- 9 || total
-------------------------+-------+-------+-------++-------
Melee: Unarmed           |    80 |   209 |   154 ||   443
       Punch             |     1 |     2 |    11 ||    14
  Use: Scroll            |       |     2 |     5 ||     7
  Eat: Ration            |     5 |       |     4 ||     9
       Chunk             |     1 |    27 |     5 ||    33
Armor: Animal skin       |    36 |     2 |       ||    38
       Robe              |       |   143 |    46 ||   189
Dodge: Dodged            |    50 |   177 |    79 ||   306
